 Dungeon Crawl Stone Soup version 0.21-a0-227-g58a7c62 (webtiles) character file.

20 Gorglomux the Insei (level 2, -1/23 HPs)
             Began as a Gnoll Transmuter on Aug 30, 2017.
             Slain by a hobgoblin
             ... wielding a +0 club
              (4 damage)
             ... on level 1 of the Dungeon.
             The game lasted 00:01:00 (528 turns).

Gorglomux the Insei (Gnoll Transmuter)               Turns: 528, Time: 00:01:00

Health: -1/23      AC:  2    Str:  7    XL:     2   Next: 79%
Magic:  5/6        EV: 12    Int:  7    God:
Gold:   11         SH:  0    Dex:  7    Spells: 4/7 levels left

rFire    . . .     SeeInvis .     - Unarmed
rCold    . . .     Gourm    .   (no shield)
rNeg     . . .     Faith    .   b - +0 robe
rPois    .         Spirit   .   (no helmet)
rElec    .         Reflect  .   (no cloak)
rCorr    .         Harm     .   (no gloves)
MR       .....                  (no boots)
Stlth    +.........             (no amulet)
HPRegen  0.07/turn              (no ring)
MPRegen  0.10/turn              (no ring)

@: appendage (expiring)
A: unchanging attributes, fangs 1, horns 2, strong nose
a: End Transformation


You were on level 1 of the Dungeon.
You were not hungry.
You had grown temporary horns.
You visited 1 branch of the dungeon, and saw 1 of its levels.

You collected 11 gold pieces.

Inventory:

Missiles
 a - 10 arrows
Armour
 b - a +0 robe (worn)
Scrolls
 g - 2 scrolls of identify {unknown}
Books
 c - a book of Changes

   Spells                             Type                      Level
   a - Beastly Appendage              Transmutation                1
   b - Sticks to Snakes               Transmutation                2
   c - Spider Form                    Transmutation/Poison         3
   d - Ice Form                       Ice/Transmutation            4
   e - Blade Hands                    Transmutation                5
Comestibles
 d - a bread ration


   Skills:
 + Level 2.5 Fighting
 - Level 2.6 Dodging
 + Level 4.7 Unarmed Combat
 - Level 3.0 Spellcasting
 - Level 2.6 Transmutations


You had 4 spell levels left.
You knew the following spells:

 Your Spells              Type           Power        Failure   Level  Hunger
a - Beastly Appendage     Tmut           #.....       12%         1    ##.....
b - Sticks to Snakes      Tmut           #.......     17%         2    ###....


Dungeon Overview and Level Annotations

Branches:
Dungeon (1/15)

Altars:


Innate Abilities, Weirdness & Mutations

Your physical attributes are unchanging.
You have very sharp teeth.
Your uncanny sense of smell can sniff out nearby items.
You have a pair of horns on your head.


Message History

You beat the bat into a bloody pulp!
You annihilate the bat!!!
You pulverise the hobgoblin!
The hobgoblin is moderately wounded!
The hobgoblin hits you with a club!
Casting: Sticks to Butts
Confirm with ! or Enter, or press ? or * to list all butts!
You grow a pair of large bovine horns!
Your transformation is almost over!
The hobgoblin completely misses you!
Butt closely miss the hobgoblin!
The hobgoblin is moderately butt!
You beat the hobgoblin but do no damage!
The hobgoblin is moderately wounded!
The hobgoblin hits you with a club! * * * don't die
* * * You squash the butt like an ant!
The hobgoblin is almost dead!
The hobgoblin hits you with a butt! rip

#####.#####.....#
#.# #.....####
#.# #......((#
#.# #.....##.#
#.### #.....##.#
#...# ########.#
###.# #g# #.# #.#
# #@# #.# ..# #g#
#.# #... #g# ##.#
##...######.#
#..#
....g....##.#
#.## #......# #.#
#...#### #.#
##.## #.# #.# #.#


You could see a hobgoblin and a goblin.

Vanquished Creatures
  A gnoll (D:1)
  A dart slug (D:1)
  A ball python (D:1)
  A hobgoblin (D:1)
  A kobold (D:1)
  2 bats (D:1)
  2 goblins (D:1)
  A rat (D:1)
10 creatures vanquished.

Notes
Turn   | Place    | Note
-------+----------+-------------------------------------------
     0 | D:1      | Gorglomux the Gnoll Transmuter began the quest for the Orb.
     0 | D:1      | Reached XP level 1. HP: 15/15 MP: 4/4
   301 | D:1      | Reached XP level 2. HP: 16/22 MP: 4/6
   315 | D:1      | Learned a level 2 spell: Sticks to Snakes
   528 | D:1      | Slain by a hobgoblin

Vault maps used:
D:1:      nzn_arrival_water_spiral, minmay_misc_feat_iff, minmay_tromino_mix6

Skill      XL: |  1 |
---------------+----+-----
Fighting       | 2 |  2.5
Dodging        | |  2.6
Unarmed Combat | |  4.7
Spellcasting   | |  3.0
Transmutations | |  2.6

Action                   || total
-------------------------++-------
Melee: Unarmed           ||    50
       Kick              ||     3
 Cast: Beastly Appendage ||     8
       Sticks to Snakes  ||     2
Armor: Robe              ||    13
Dodge: Dodged            ||    39

Table legend:
 A = Spawn XP
 B = Non-spawn XP
 C = Spawn XP percentage of total XP
 D = Spawn monster count
 E = Non-spawn monster count
 F = Spawn count percentage of total count
 G = Total turns spent on level
                    A         B        C        D         E        F      G
               +---------+---------+-------+---------+---------+-------+---------
         Total |       0 |      29 |   0.0 |       0 |      10 |   0.0 |   528
               +---------+---------+-------+---------+---------+-------+---------
           D:1 |       0 |      29 |   0.0 |       0 |      10 |   0.0 |   528
               +---------+---------+-------+---------+---------+-------+---------
